 Dungeon Crawl Stone Soup version 0.21-a0-498-g1b60429 (webtiles) character file.

14966 KristoblXynda the Carver (level 11, 0/82 HPs)
             Began as a Purple Draconian Fighter on Nov 24, 2017.
             Was a Believer of Ashenzari.
             Killed from afar by an electric eel (12 damage)
             ... with a bolt of electricity
             ... on level 11 of the Dungeon.
             The game lasted 00:33:35 (14218 turns).

KristoblXynda the Carver (DrFi)                    Turns: 14218, Time: 00:33:36

Health: 0/82       AC: 11    Str: 20    XL:     11   Next: 95%
Magic:  18/18      EV: 15    Int:  8    God:    Ashenzari [**....]
Gold:   290        SH: 14    Dex: 16    Spells: 16/19 levels left

rFire    . . .     SeeInvis .   I - +3 scimitar (flame) (curse)
rCold    x . .     Gourm    .   b - +1 shield (curse)
rNeg     + + .     Faith    .   (armour unavailable)
rPois    .         Spirit   .   (helmet restricted)
rElec    .         Reflect  .   J - +0 cloak of Ikhifum {rC- rN++ Dex+5} (curse)
rCorr    .         Harm     .   (no gloves)
MR       ++...     Clarity  +   F - +2 pair of boots (curse)
Stlth    +.........             (no amulet)
HPRegen  0.23/turn              D - ring of protection from magic (curse)
MPRegen  0.16/turn              (no ring)

@: no status effects
A: breathe power, unfitting armour, horns 1, blink, clarity, dopey 1,
cold-blooded, AC +7
a: Breathe Dispelling Energy, Blink, Curse Item, Scrying, Renounce Religion


You were on level 11 of the Dungeon.
You worshipped Ashenzari.
Ashenzari was pleased with you.
You were not hungry.

You visited 2 branches of the dungeon, and saw 12 of its levels.
You also visited: Ossuary.

You collected 584 gold pieces.
You spent 294 gold pieces at shops.

Inventory:

Hand Weapons
 I - a cursed +3 scimitar of flaming (weapon)
Missiles
 r - a throwing net (quivered)
Armour
 b - a cursed +1 shield (worn)
 F - a cursed +2 pair of boots (worn)
 J - the cursed +0 cloak of Ikhifum (worn) {rC- rN++ Dex+5}
   (You bought it in a shop on level 7 of the Dungeon)

   It affects your dexterity (+5).
   It makes you vulnerable to cold.
   It greatly protects you from negative energy.
   It has a curse placed upon it.
Jewellery
 j - a +3 ring of protection
 D - a cursed ring of protection from magic (left hand)
Wands
 k - a wand of paralysis (9)
 q - a wand of clouds (3)
 s - a wand of iceblast (6)
 G - a wand of disintegration (12)
 M - a wand of acid (8)
Scrolls
 a - a scroll of identify
 f - 8 scrolls of remove curse
 m - a scroll of fog
 x - 5 scrolls of magic mapping
 y - a scroll of teleportation
 B - a scroll of enchant armour
 H - a scroll of immolation
 K - 3 scrolls of amnesia
Potions
 c - 2 potions of might
 e - 5 potions of lignification
 g - 2 potions of haste
 h - a potion of flight
 l - 3 potions of brilliance
 n - a potion of heal wounds
 o - a potion of invisibility
 t - a potion of magic
 u - a potion of mutation
 A - a potion of cancellation
 C - 3 potions of berserk rage
 L - a potion of ambrosia
Books
 w - a book of Minor Magic

   Spells                             Type                      Level
   a - Magic Dart                     Conjuration                  1
   b - Blink                          Translocation                2
   c - Call Imp                       Summoning                    2
   d - Slow                           Hexes                        2
   e - Conjure Flame                  Conjuration/Fire             3
   f - Mephitic Cloud                 Conjuration/Poison/Air       3
 E - a book of Necromancy

   Spells                             Type                      Level
   a - Pain                           Necromancy                   1
   b - Animate Skeleton               Necromancy                   1
   c - Vampiric Draining              Necromancy                   3
   d - Regeneration                   Charms/Necromancy            3
   e - Animate Dead                   Necromancy                   4
   f - Control Undead                 Necromancy                   4
Comestibles
 d - 3 bread rations
 i - 8 chunks of flesh
 p - 9 royal jellies
 v - 2 fruits
 z - 2 meat rations


   Skills:
 - Level 3.2 Fighting
 - Level 11.5(13.6) Long Blades
 - Level 3.0 Throwing
 - Level 5.0 Dodging
 + Level 11.4(12.7) Shields
 + Level 4.8 Spellcasting
 + Level 2.7 Charms
 + Level 2.5 Necromancy
 - Level 8.0 Evocations


You had 16 spell levels left.
You knew the following spells:

 Your Spells              Type           Power        Failure   Level  Hunger
a - Regeneration          Chrm/Necr      #.........   34%         3    ###....


Dungeon Overview and Level Annotations

Branches:
Dungeon (11/15)            Temple (1/1) D:6            Lair (0/6) D:10
    Orc: D:9-12

Altars:
Ashenzari
Cheibriados
Dithmenos
Elyvilon
Fedhas
Gozag
Hepliaklqana
Kikubaaqudgha
Makhleb
Nemelex Xobeh
Okawaru
Qazlal
Ru
Sif Muna
Trog
Uskayaw
Vehumet
Wu Jian
Xom
Yredelemnul
Zin
The Shining One

Shops:
D:7 [


Innate Abilities, Weirdness & Mutations

You can breathe bolts of dispelling energy.
Your rich purple scales are hard. (AC +7)
You cannot fit into any form of body armour.
You are cold-blooded and may be slowed by cold attacks.
You have a pair of small horns on your head.
You can translocate small distances at will.
You possess an exceptional clarity of mind.
You are dopey. (Int -2)


Message History

The electric eel shoots out a bolt of lightning at you!
The bolt of electricity hits you!
A kobold and an electric eel come into view.
The electric eel shoots out a bolt of lightning at you!
The bolt of electricity hits you!
The electric eel shoots out a bolt of lightning at you!
The bolt of electricity hits you!
* * * LOW HITPOINT WARNING * * *
The electric eel shoots out a bolt of lightning at you!
The bolt of electricity hits you!
* * * LOW HITPOINT WARNING * * *
The electric eel shoots out a bolt of lightning at you!
The bolt of electricity hits you!
* * * LOW HITPOINT WARNING * * *
You hear a shout! x2
As you read the scroll of fog, it crumbles to dust.
The scroll dissolves into smoke.
The electric eel shoots out a bolt of lightning at you!
The bolt of electricity hits you!
You die...

≈,
≈#####≈≈.≈♣≈≈..)(..≈.♣ ≈
≈≈≈≈≈≈≈≈♣......(≈≈.≈...♣
,,
≈≈≈≈≈≈≈≈.......♣≈≈(≈♣≈♣≈
≈≈≈≈≈≈≈≈[.≈≈≈≈..≈.≈≈≈.≈≈
,
≈≈≈≈≈≈≈♣..≈≈≈.........≈≈
≈
≈≈≈≈≈≈≈≈≈♣≈♣.≈..(....♣(≈
≈ ≈
≈≈≈≈≈≈≈≈≈.≈.....).......
≈. ≈
≈≈≈≈≈≈;§§...............
.≈
≈≈≈≈≈≈§@§............,
≈≈ ≈
≈≈≈≈≈§§§§§.......... *
≈≈ ≈≈≈≈≈§..####......
≈≈≈ ≈ ≈≈≈≈≈≈..# ..####
≈≈≈ ≈≈≈≈≈...# , ..# ≈≈≈
≈≈≈;≈...# .# , ≈≈≈ ,
≈≈≈≈K...# , , ≈≈≈
≈≈≈≈..... ,,, , ...., ,
,


You could see 2 electric eels and a kobold (wandering).

Vanquished Creatures
  Erica (D:9)
  5 two-headed ogres
  A death knight (D:8)
  A queen bee (D:9)
  A troll (D:11)
  A hornet (D:10)
  Prince Ribbit (D:5)
  A hippogriff (D:10)
  A wyvern (D:10)
  2 wraiths (Ossuary)
  5 yaks
  Sigmund (D:3)
  2 basilisks
  2 hungry ghosts
  Edmund (D:5)
  Duvessa (D:4)
  2 porcupines (D:10)
  2 orc warriors
  A black bear (D:10)
  5 sky beasts
  2 ice beasts
  2 phantoms
  2 necrophages
  4 wolves (D:10)
  9 ogres
  16 centaurs
  2 crocodiles (D:10)
  Blork the orc (D:5)
  11 bullfrogs
  7 scorpions
  Dowan (D:4)
  14 killer bees (D:9)
  9 wights
  2 howler monkeys
  2 electric eels
  3 crimson imps
  A bullfrog zombie (D:8)
  2 hounds
  2 jellies
  6 orc wizards
  A bullfrog skeleton (D:10)
  3 orc priests
  A gnoll shaman (D:7)
  Crazy Yiuf (D:6)
  5 worker ants
  6 iguanas
  3 hound skeletons
  A worker ant zombie (D:8)
  12 adders
  16 gnolls
  A howler monkey skeleton (D:5)
  A shadow imp (D:4)
  3 oozes
  An adder skeleton (D:4)
  3 adder zombies (Ossuary)
  2 worms
  3 dart slugs
  4 leopard geckos
  20 orcs
  5 ball pythons
  4 giant cockroaches
  8 goblins
  7 hobgoblins
  6 jackals
  8 quokkas
  10 bats
  6 frilled lizards
  2 hobgoblin skeletons (Ossuary)
  2 hobgoblin zombies (Ossuary)
  10 kobolds
  A leopard gecko zombie (D:5)
  An orc zombie (Ossuary)
  6 rats
  A plant (D:11)
299 creatures vanquished.

Vanquished Creatures (others)
  3 fungi (D:10)
  11 plants
14 creatures vanquished.

Grand Total: 313 creatures vanquished

Notes
Turn   | Place    | Note
-------+----------+-------------------------------------------
     0 | D:1      | KristoblXynda the Draconian Fighter began the quest for the Orb.
     0 | D:1      | Reached XP level 1. HP: 19/19 MP: 1/1
   123 | D:1      | Reached XP level 2. HP: 25/26 MP: 2/2
   334 | D:1      | Reached XP level 3. HP: 23/31 MP: 3/3
  1384 | D:2      | Reached XP level 4. HP: 38/38 MP: 4/4
  2348 | D:3      | Reached XP level 5. HP: 26/45 MP: 5/5
  2695 | D:3      | Reached skill level 5 in Long Blades
  2914 | D:3      | Noticed Sigmund
  2931 | D:3      | Killed Sigmund
  2931 | D:3      | Reached XP level 6. HP: 50/51 MP: 6/6
  3325 | D:4      | Reached skill level 5 in Shields
  3380 | D:4      | Found a sand-covered staircase.
  3386 | Ossuary  | Entered an ossuary
  3702 | Ossuary  | Reached skill level 1 in Throwing
  3745 | Ossuary  | Noticed a flying skull
  3745 | Ossuary  | Noticed a wraith
  3758 | Ossuary  | Noticed a wraith
  3768 | Ossuary  | Killed a wraith
  3768 | Ossuary  | Your scales start taking on a rich purple colour.
  3768 | Ossuary  | Reached XP level 7. HP: 28/57 MP: 7/7
  3835 | Ossuary  | Noticed a flying skull
  3840 | Ossuary  | Noticed a flying skull
  4186 | Ossuary  | Noticed a wraith
  4199 | Ossuary  | Killed a wraith
  4724 | D:4      | Noticed Dowan
  4728 | D:4      | Noticed Duvessa
  4732 | D:4      | Killed Dowan
  4732 | D:4      | Reached XP level 8. HP: 46/63 MP: 8/8
  4768 | D:4      | Killed Duvessa
  4768 | D:4      | Reached skill level 1 in Evocations
  5632 | D:5      | Entered Level 5 of the Dungeon
  6004 | D:5      | Noticed a two-headed ogre
  6033 | D:5      | Killed a two-headed ogre
  6033 | D:5      | Reached XP level 9. HP: 55/70 MP: 10/12
  6458 | D:5      | Noticed Edmund
  6482 | D:5      | Killed Edmund
  6482 | D:5      | Reached skill level 5 in Evocations
  6521 | D:5      | Noticed Blork the orc
  6532 | D:5      | Killed Blork the orc
  6992 | D:5      | Noticed Prince Ribbit
  7019 | D:5      | Killed Prince Ribbit
  7228 | D:6      | Found a runed door.
  7232 | D:6      | Noticed Crazy Yiuf
  7238 | D:6      | Killed Crazy Yiuf
  7770 | D:6      | Found a staircase to the Ecumenical Temple.
  7777 | Temple   | Entered the Ecumenical Temple
  8064 | Temple   | Became a worshipper of Ashenzari the Shackled
  8548 | D:7      | Identified a scroll of acquirement
  8679 | D:7      | Found Quonnaps's Antique Armour Boutique.
  8965 | D:7      | Bought a bloodstained cloak for 294 gold pieces
  8975 | D:7      | Identified the cursed +0 cloak of Ikhifum {rC- rN++ Dex+5} (You bought it in a shop on level 7 of the Dungeon)
  9028 | D:7      | Reached XP level 10. HP: 25/77 MP: 15/15
  9980 | D:8      | Noticed a two-headed ogre
  9996 | D:8      | Killed a two-headed ogre
 10031 | D:8      | Noticed a two-headed ogre
 10049 | D:8      | Killed a two-headed ogre
 10049 | D:8      | Reached skill level 10 in Long Blades
 10654 | D:8      | Noticed a death knight
 10680 | D:8      | Killed a death knight
 10680 | D:8      | Reached skill level 10 in Shields
 11202 | D:9      | Reached * piety under Ashenzari
 11204 | D:9      | Noticed a two-headed ogre
 11227 | D:9      | Killed a two-headed ogre
 11227 | D:9      | Reached XP level 11. HP: 28/82 MP: 17/17
 11372 | D:9      | Noticed a two-headed ogre
 11386 | D:9      | Killed a two-headed ogre
 11892 | D:9      | Reached skill level 5 in Dodging
 12123 | D:9      | Gained mutation: You are dopey. (Int -2) [mutagenic meat]
 12124 | D:9      | Gained mutation: You possess an exceptional clarity of mind. [mutagenic meat]
 12125 | D:9      | Gained mutation: You have a pair of small horns on your head. [mutagenic meat]
 12126 | D:9      | Gained mutation: You can translocate small distances at will. [mutagenic meat]
 12131 | D:9      | Learned a level 3 spell: Regeneration
 12216 | D:9      | Reached skill level 1 in Spellcasting
 12307 | D:9      | Noticed Erica
 12391 | D:9      | Killed Erica
 12737 | D:9      | Found a glowing silver altar of Zin.
 12776 | D:10     | Entered Level 10 of the Dungeon
 12970 | D:10     | Found a stormy altar of Qazlal.
 13001 | D:10     | Paralysed by a hornet for 3 turns
 13476 | D:10     | Found a staircase to the Lair.
 13504 | D:10     | Reached skill level 1 in Charms
 13533 | D:10     | Reached skill level 1 in Necromancy
 13939 | D:11     | Reached ** piety under Ashenzari
 14085 | D:11     | Noticed a two-headed ogre
 14218 | D:11     | Killed from afar by an electric eel

Vault maps used:
D:1:      dpeg_arrival_erosion, minmay_tall_x
D:2:      first_bread
D:3:      uniq_sigmund
D:4:      enter_ossuary_2, uniq_duvessa
D:5:      uniq_edmund, uniq_prince_ribbit1, uniq_blork_the_orc
D:6:      minmay_temple_entry_hall, grunt_ministairs_4, uniq_crazy_yiuf_cottage
D:7:      serial_shops, shop
D:8:      wad_mini_maze
D:9:      nicolae_overflow_hidden_temple, david_nohive_1, uniq_erica
D:10:     minmay_lair_entry_grove, basic_altar, minmay_crystal_water
D:11:     kennysheep_town
Temple:   regret_index_temple_sigil_plot
Ossuary:  ossuary_due_cavern

Skill      XL: |  1  2  3  4  5  6  7  8  9 10 11 |
---------------+----------------------------------+-----
Long Blades    | 3 4 5 6 8 9 10 11 | 11.5
Shields        | 4 5 6 7 8 10 11 | 11.4
Throwing       | 1 3 |  3.0
Evocations     | 4 6 8 |  8.0
Dodging        | 4 5 |  5.0
Spellcasting   | 4 |  4.8
Charms         | 2 |  2.7
Necromancy     | 2 |  2.5
Fighting       | |  3.2

Action                   |  1- 3 |  4- 6 |  7- 9 | 10-12 || total
-------------------------+-------+-------+-------+-------++-------
Melee: Long sword        |   103 |   202 |   426 |   308 ||  1039
       Tailslap          |     6 |    32 |    57 |   105 ||   200
       Scimitar          |       |       |       |   205 ||   205
       Headbutt          |       |       |       |    68 ||    68
Throw: Throwing net      |       |       |     1 |       ||     1
Invok: Curse Item        |       |       |     2 |     2 ||     4
 Abil: Breathe Dispellin |       |       |    13 |    12 ||    25
Evoke: Wand              |       |       |     2 |     9 ||    11
  Use: Scroll            |     3 |    10 |     8 |     9 ||    30
       Potion            |       |     1 |     4 |     4 ||     9
 Stab: Sleeping          |     1 |     1 |       |     3 ||     5
       Distracted        |       |     1 |       |       ||     1
       Paralysed         |       |       |     5 |    20 ||    25
       Held in net/web   |       |       |     1 |       ||     1
  Eat: Chunk             |     1 |     7 |    13 |    20 ||    41
       Fruit             |       |     1 |     4 |     2 ||     7
       Royal jelly       |       |       |     2 |     1 ||     3
       Meat ration       |       |       |       |     1 ||     1
Armor: Skin              |    39 |    50 |    99 |    87 ||   275
Dodge: Dodged            |    57 |    91 |   134 |   225 ||   507
Block: Shield            |    69 |   100 |   264 |   323 ||   756
       Rpst.: Long sword |    16 |    19 |    37 |    51 ||   123
       Scimitar          |       |       |       |    13 ||    13

Table legend:
 A = Spawn XP
 B = Non-spawn XP
 C = Spawn XP percentage of total XP
 D = Spawn monster count
 E = Non-spawn monster count
 F = Spawn count percentage of total count
 G = Total turns spent on level
                    A         B        C        D         E        F      G
               +---------+---------+-------+---------+---------+-------+---------
         Total |       0 |   21381 |   0.0 |       0 |     298 |   0.0 | 14218
               +---------+---------+-------+---------+---------+-------+---------
           D:1 |       0 |      83 |   0.0 |       0 |      32 |   0.0 |  1248
           D:2 |       0 |      87 |   0.0 |       0 |      25 |   0.0 |  1088
           D:3 |       0 |     368 |   0.0 |       0 |      25 |   0.0 |   935
           D:4 |       0 |     617 |   0.0 |       0 |      20 |   0.0 |  1390
           D:5 |       0 |    2450 |   0.0 |       0 |      32 |   0.0 |  1467
           D:6 |       0 |     793 |   0.0 |       0 |      12 |   0.0 |  1120
           D:7 |       0 |     928 |   0.0 |       0 |      20 |   0.0 |  1380
           D:8 |       0 |    4105 |   0.0 |       0 |      26 |   0.0 |  1253
           D:9 |       0 |    5068 |   0.0 |       0 |      37 |   0.0 |  1603
          D:10 |       0 |    4517 |   0.0 |       0 |      40 |   0.0 |  1156
          D:11 |       0 |    1740 |   0.0 |       0 |      16 |   0.0 |   286
       Ossuary |       0 |     625 |   0.0 |       0 |      13 |   0.0 |   989
               +---------+---------+-------+---------+---------+-------+---------
